[Event "14th BPB Limburg Open 2022"]
[Site "Maastricht"]
[Date "2022.06.05"]
[Round "5.11"]
[White "Van Meegen, Ruud"]
[Black "Roebers, Eline"]
[Result "1/2-1/2"]
[ECO "E60"]
[WhiteElo "2275"]
[BlackElo "2369"]
[Annotator "TA"]
[PlyCount "36"]
[EventDate "2022.06.03"]
[EventType "swiss"]
[EventCountry "NED"]
[SourceTitle "playchess.com"]
[Source "ChessBase"]
[SourceQuality "1"]
[TimeControl "7200+15"]

1. Nf3 Nf6 2. g3 g6 3. b3 Bg7 4. Bb2 O-O 5. Bg2 c5 6. c4 Nc6 7. O-O d6 8. d4 a6 9. Nc3 cxd4 10. Nxd4 Bd7 11. Rc1 Rb8 {[%emt 0:03:46] [#] An uneventful encounter. was the old line (11...Rc8). E60: King's Indian: Unusual lines and Fianchetto Variation without Nc3.} {Predecessor:} 12. h3 $146 Nxd4 13. Qxd4 b5 14. Nd5 bxc4 15. Rxc4 Bb5 16. Rc2 Nh5 17. Qe3 e6 18. Bxg7 Nxg7 {1-0 (45) Aditya,M (2438)-Arakhamia Grant,K (2380) Chess.com INT 2021} 1/2-1/2

[Event "14th BPB Limburg Open 2022"]
[Site "Maastricht"]
[Date "2022.06.05"]
[Round "5.12"]
[White "Kucharska, Honorata"]
[Black "Ondersteijn, Niels"]
[Result "0-1"]
[ECO "E62"]
[WhiteElo "2181"]
[BlackElo "2376"]
[Annotator "TA"]
[PlyCount "128"]
[EventDate "2022.06.03"]
[EventType "swiss"]
[EventCountry "NED"]
[SourceTitle "playchess.com"]
[Source "ChessBase"]
[SourceQuality "1"]
[TimeControl "7200+15"]

1. d4 d6 2. Nf3 Nf6 3. g3 g6 4. Bg2 Bg7 5. c4 O-O 6. O-O Nc6 7. Nc3 e5 8. dxe5 Nxe5 9. Nxe5 dxe5 10. Qc2 c6 11. Rd1 {[%emt 0:01:48] E62: King's Indian: Fianchetto: 6...c6 and Panno Variation (6...Nc6) without ...a6.} Qc7 12. Bg5 Be6 13. c5 {[%emt 0:05:50] The position is equal.} h6 14. Bxf6 Bxf6 15. Ne4 ({White should play} 15. Rd6 $11) 15... Be7 $1 $15 {[%emt 0:02:59] [#]} 16. Nd6 $146 ({Predecessor:} 16. Rd2 Rad8 17. Rad1 Rxd2 18. Rxd2 Rd8 19. Qd1 Rxd2 20. Qxd2 Bxa2 21. Qxh6 Qd8 22. Qc1 {0-1 (29) Raceanu,V-Florean,A (2220) Romania 1994}) 16... Rfd8 17. Qd2 Kh7 18. h4 Rd7 (18... b6 $5 19. Qc2 bxc5 $11) 19. h5 $1 Rad8 20. hxg6+ fxg6 21. Qe3 Bxd6 22. cxd6 Rxd6 23. Rxd6 Rxd6 24. Qxa7 Rd2 25. Rc1 Qd7 26. Qe3 Bxa2 27. Qxe5 Qg7 28. Qe3 Qxb2 29. Re1 Qd4 30. Qe7+ Qg7 31. Qe3 Rd7 32. Qa3 Be6 33. Bf3 Qe5 34. Rc1 Bd5 {[%emt 0:03:15] Black is more active.} ({Better is} 34... h5 $17) 35. Rd1 $1 $11 Be6 36. Rxd7+ Bxd7 {[%emt 0:00:01][%mdl 4096] Endgame KQB-KQB} 37. Qa7 Qc7 38. Qc5 Be8 39. Qe3 Bf7 {[%emt 0:00:59] Hoping for ...c5.} 40. Qc5 Qd7 41. Kg2 Bd5 42. e4 Be6 43. e5 Kg7 44. Kh2 h5 45. Bg2 Kf7 46. Qe3 Kg7 47. Qc5 Qc7 48. f4 Qf7 49. Qd4 Qe7 50. Be4 h4 51. Qd3 {[%emt 0:00:36] Prevents Qa3.} Qc5 52. Qd2 {[%emt 0:02:07][%mdl 8192] [#] Inhibits Qf2+. White does not recover from this.} (52. Qf3 $15) 52... hxg3+ $1 $19 53. Kxg3 Qg1+ 54. Qg2 Qxg2+ ({And not} 54... Qe3+ 55. Qf3 Qe1+ 56. Kh2 $19) 55. Bxg2 {[%emt 0:00:06] KB-KB} Bd5 (55... b5 $142 56. Kf2 Bd5) 56. Bf1 b5 57. Kf2 b4 58. Ke3 c5 59. Kd2 Be6 {[%emt 0:01:28] [#] Strongly threatening ...c4.} 60. Bd3 Kh6 61. Kc2 Kh5 {[%emt 0:00:27] ( -> ...Kg4)} 62. Kb2 Kg4 {[%emt 0:00:18] Black mates.} 63. Bxg6 Kxf4 64. Bh7 Kxe5 {[%emt 0:00:03] Weighted Error Value: White=0.44/Black=0.21 (precise)} 0-1

[Event "14th BPB Limburg Open 2022"]
[Site "Maastricht"]
[Date "2022.06.05"]
[Round "5.13"]
[White "Kopylov, Michael"]
[Black "Ratsma, Midas"]
[Result "1/2-1/2"]
[ECO "D10"]
[WhiteElo "2378"]
[BlackElo "2200"]
[Annotator "TA"]
[PlyCount "74"]
[EventDate "2022.06.03"]
[EventType "swiss"]
[EventCountry "NED"]
[SourceTitle "playchess.com"]
[Source "ChessBase"]
[SourceQuality "1"]
[TimeControl "7200+15"]

1. d4 d5 2. c4 e5 3. Nf3 e4 4. Nfd2 c6 5. Nc3 Nf6 6. cxd5 {[%emt 0:00:15] D10: Slav Defence: 3 cxd5 (without early Nf3) and 3 Nc3.} cxd5 7. Nb3 h6 8. Bf4 {[%emt 0:00:15] [#]} a6 $146 ({Predecessor:} 8... Be6 9. e3 Bb4 10. a3 Bxc3+ 11. bxc3 Nbd7 12. a4 Rc8 13. Bd6 Rxc3 14. Bb4 Rc8 {1-0 (44) Hernando Rodrigo,J (2345)-Jedryczka,K (2315) Castelldefels 2006}) 9. e3 Nc6 10. Nc5 Be7 11. Be2 O-O 12. O-O b6 13. N5a4 Be6 14. Rc1 Na5 15. b3 Nb7 16. f3 (16. Nb1 $11 {remains equal.}) 16... b5 $17 17. Nc5 Nxc5 18. dxc5 Bxc5 {[%emt 0:00:15] And now ...g5 would win.} 19. Nxb5 Bxe3+ (19... axb5 {is interesting.} 20. Rxc5 Rxa2 21. Rxb5 Qe7) 20. Bxe3 {[%emt 0:00:15] Strongly threatening Nc7.} axb5 21. Bxb5 exf3 22. Qxf3 d4 23. Bxh6 Bd5 24. Qg3 Nh5 25. Qe5 {[%emt 0:00:15][%mdl 8192] [#]} (25. Qg5 $11 {and White has nothing to worry.} Rxa2 26. Rf2 (26. Qxh5 {leads to mate.} Rxg2+ 27. Kh1 Rg4+) 26... Rxf2 27. Kxf2) 25... Rxa2 $1 $19 26. Rf2 Rxf2 27. Kxf2 {[%emt 0:00:15] [#]} Qf6+ $2 ({Inferior is} 27... gxh6 28. Qxh5 Qf6+ 29. Kg1 Bxb3 30. Qg4+ Qg7 31. Qf4 $15) (27... Nf6 $1 $19 28. Qxd4 gxh6) 28. Qxf6 $11 {[%emt 0:00:15] Active counter play!} Nxf6 29. Bf4 Bxb3 30. Bc4 {[%emt 0:00:15] A strong pair of Bishops.} Ba4 31. Ke2 Rd8 32. h3 Bc6 33. Bxf7+ {[%emt 0:00:15] The position is equal.} Kxf7 34. Rxc6 d3+ 35. Kd1 $1 Ra8 36. Kd2 Ra3 37. Rc4 Ra2+ {[%emt 0:00:00] Weighted Error Value: White=0.25 (precise) /Black=0.18 (very precise)} 1/2-1/2

[Event "14th BPB Limburg Open 2022"]
[Site "Maastricht"]
[Date "2022.06.05"]
[Round "5.14"]
[White "Nemegeer, Arne"]
[Black "De Rover, Yong Hoon"]
[Result "1-0"]
[ECO "B51"]
[WhiteElo "2149"]
[BlackElo "2365"]
[Annotator "TA"]
[PlyCount "67"]
[EventDate "2022.06.03"]
[EventType "swiss"]
[EventCountry "NED"]
[SourceTitle "playchess.com"]
[Source "ChessBase"]
[SourceQuality "1"]
[TimeControl "7200+15"]

1. e4 c5 2. Nf3 d6 3. Bb5+ Nd7 4. O-O a6 5. Bd3 Ngf6 6. Re1 {[%emt 0:00:15] B51: Sicilian: Moscow Variation (3 Bb5+) without 3...Bd7.} b5 7. c4 b4 8. a3 {[%emt 0:00:15] White is slightly better.} bxa3 9. Rxa3 e5 10. Bc2 g6 {[%emt 0:00:15] [#]} 11. Nc3 $146 ({Predecessor:} 11. Ba4 Bg7 12. Bc6 Rb8 13. Nc3 O-O 14. Nd5 Nxd5 15. Bxd5 Nb6 16. d3 h6 17. Bd2 Nxd5 18. cxd5 {½-½ (45) Mahjoob,M (2392)-Tarlev,K (2557) Rasht 2015}) 11... Bg7 12. d3 O-O 13. Nd2 Nb8 14. Ba4 (14. Nd5 {looks sharper.} Nc6 15. Ba4 Nb4 16. Nb3) 14... Bd7 15. Bxd7 (15. Nf3 {with more complications.} Nc6 16. Bg5 Nb4 17. Nd5) 15... Nfxd7 16. Nf1 Nc6 17. Ne3 Nb6 18. Ned5 Nxd5 19. Nxd5 f5 (19... a5 $14 {deserves consideration.}) 20. Qa4 Nd4 21. Be3 fxe4 22. Bxd4 exd4 23. Rxe4 Rf7 24. Ra1 g5 25. Rae1 Be5 26. g3 ({White should try} 26. Qd1) 26... Qf8 27. f4 (27. Rf1 $14) 27... gxf4 $11 28. gxf4 Rg7+ $2 (28... Bxf4 $11 29. Re8 Be3+ 30. R1xe3 Rf1+ 31. Kg2 dxe3 32. Rxf8+ Raxf8) 29. Kh1 $18 {[%emt 0:00:15] Black must now prevent Qd1. Active counter play!} Qf5 $2 {[%emt 0:00:15] [#]} (29... Rb8 {is a better defense.}) 30. Qc2 $2 ({Worse is} 30. R4e2 Kh8 31. Qd1 {[#]} (31. Qc6 $2 Rag8 $19) 31... Rag8 $1 $11) (30. Qd1 $1 $18 {is the precise move to win.} Qg6 31. Qe2) 30... Bf6 $16 31. Qe2 {[%emt 0:00:15] Intending Re8+ and mate.} Kh8 $2 (31... Bh4 $16) 32. Re8+ $18 Rxe8 $2 (32... Rg8 33. Rxa8 Rxa8) 33. Qxe8+ Rg8 34. Qf7 {[%emt 0:00:15] Weighted Error Value: White=0.24 (precise) /Black=0.44} 1-0

[Event "14th BPB Limburg Open 2022"]
[Site "Maastricht"]
[Date "2022.06.06"]
[Round "6.1"]
[White "Donchenko, Alexander"]
[Black "Warmerdam, Max"]
[Result "1/2-1/2"]
[ECO "E68"]
[WhiteElo "2599"]
[BlackElo "2614"]
[Annotator "TA"]
[PlyCount "34"]
[EventDate "2022.06.03"]
[EventType "swiss"]
[EventCountry "NED"]
[SourceTitle "playchess.com"]
[Source "ChessBase"]
[SourceQuality "1"]
[TimeControl "7200+15"]

1. c4 g6 2. g3 Bg7 3. Bg2 Nf6 4. Nc3 O-O 5. Nf3 d6 6. d4 Nbd7 7. O-O e5 8. e4 exd4 9. Nxd4 Nc5 10. h3 Re8 11. Re1 h6 12. Qc2 {[%emt 0:17:27] E68: King's Indian: Fianchetto: 6...Nbd7 7 0-0 e5 8 e4.} (12. Nb3 {keeps more tension.} Nfd7 13. Be3 h5 14. Nxc5 Bxc3 15. bxc3 Nxc5 16. Bd4) 12... Nfxe4 $1 {[%emt 0:00:37] The position is equal.} 13. Nxe4 {[%emt 0:00:38] [#] Hoping for Be3.} Bxd4 14. Bxh6 {[%emt 0:01:36] And now Bg5 would win.} Nxe4 15. Rxe4 {[%emt 0:04:29] [#]} Rxe4 $146 ({Predecessor:} 15... Bf5 16. Rxe8+ Qxe8 17. Qd2 c5 18. Re1 Qd7 19. g4 Be6 20. b3 d5 21. cxd5 Bxd5 22. Bxd5 Qxd5 {0-1 (27) Pimankin,S (2103)-Ryabov,S (2221) Novosibirsk 2002}) 16. Qxe4 ({Much worse is} 16. Bxe4 Bxh3 17. Bxg6 (17. Rd1 Qf6 $17) 17... Qf6 18. Bh7+ Kh8 $15) 16... Bxb2 17. Re1 Be5 {[%emt 0:00:21] An interesting draw.  Weighted Error Value: White=0.12 (very precise) /Black=0.06 (flawless)} 1/2-1/2

[Event "14th BPB Limburg Open 2022"]
[Site "Maastricht"]
[Date "2022.06.06"]
[Round "6.2"]
[White "Ernst, Sipke"]
[Black "Van Foreest, Lucas"]
[Result "0-1"]
[ECO "C55"]
[WhiteElo "2547"]
[BlackElo "2572"]
[Annotator "TA"]
[PlyCount "62"]
[EventDate "2022.06.03"]
[EventType "swiss"]
[EventCountry "NED"]
[SourceTitle "playchess.com"]
[Source "ChessBase"]
[SourceQuality "1"]
[TimeControl "7200+15"]

1. e4 e5 2. Nf3 Nc6 3. Bc4 Nf6 4. d3 Be7 5. a4 O-O 6. h3 {[%emt 0:03:20] C55: Two Knights: 4 d3, 4 d4 exd4 5 e5 and Max Lange Attack.} d5 7. exd5 Nxd5 8. O-O {[%emt 0:00:14] White has an edge.} Nb6 $5 {[%emt 0:12:12][%mdl 4] An interesting side line.} 9. Bb3 {[%emt 0:05:42] [#]} Bf5 $146 ({Predecessor:} 9... a5 10. Re1 Nd4 11. Nxd4 exd4 12. Qh5 Nd7 13. Bf4 Nc5 14. Bc4 Be6 15. Nd2 Bd6 16. Bxd6 Qxd6 17. Bxe6 Nxe6 {1-0 (43) Aravindh,C (2584)-Sriram,J (2393) Jammu 2018}) 10. a5 Nd7 11. a6 Nc5 $1 12. axb7 Rb8 13. Bc4 Rxb7 14. Nc3 Rb8 ({Better is} 14... Be6 $1 $14) 15. Be3 Bd6 (15... Rxb2 $2 16. Bxc5 Bxc5 17. Na4 $18) 16. Re1 Ne6 (16... Rxb2 $2 17. Bxc5 Bxc5 18. Na4 (18. Nxe5 Bxf2+ 19. Kh1 Nxe5 $15) 18... Bxf2+ 19. Kxf2 $18) 17. Ra6 Ned4 18. Bxd4 Nxd4 19. Nxd4 ({Resist} 19. Rxa7 Rxb2 20. Nxd4 exd4 $14) 19... exd4 20. Nb5 Bb4 21. Re5 Bc8 22. Ra4 Bd6 (22... Qf6 $11 23. Qh5 a5) 23. Rd5 (23. Nxd6 $16 cxd6 24. Re1) 23... Rxb5 24. Rxb5 $14 Bd7 25. Rba5 {[%emt 0:02:41] Ra1 is the strong threat.} ({Wrong is} 25. Rxa7 $2 Bxb5 26. Bxb5 Qb8 $19) 25... Bxa4 26. Rxa4 Qf6 27. Rxa7 Re8 28. g3 g6 29. Kg2 Re5 30. Qd2 Kg7 31. Ra5 $2 {[%emt 0:01:28][%mdl 8192] [#]} (31. Ra1 $11 {and White has nothing to worry.}) 31... Bb4 $1 {[%emt 0:01:12][%mdl 512] Weighted Error Value: White=0.45/Black=0.17 (very precise)} 0-1

[Event "14th BPB Limburg Open 2022"]
[Site "Maastricht"]
[Date "2022.06.06"]
[Round "6.3"]
[White "Dardha, Daniel"]
[Black "Kopylov, Daniel"]
[Result "1-0"]
[ECO "E60"]
[WhiteElo "2561"]
[BlackElo "2292"]
[Annotator "TA"]
[PlyCount "79"]
[EventDate "2022.06.03"]
[EventType "swiss"]
[EventCountry "NED"]
[SourceTitle "playchess.com"]
[Source "ChessBase"]
[SourceQuality "1"]
[TimeControl "7200+15"]

1. d4 Nf6 2. c4 g6 3. h4 Bg7 4. Nc3 d5 5. h5 Nxh5 6. cxd5 {[%emt 0:05:56] E60: King's Indian: Unusual lines and Fianchetto Variation without Nc3.} c6 7. e4 {[%emt 0:00:40] Strongly threatening e5.} Nf6 {[%emt 0:06:58][%cal Rc6d5] [#]} 8. dxc6 $1 {[%emt 0:08:54] White is better.} bxc6 9. Bh6 Bxh6 10. Rxh6 Qa5 11. Qd2 {[%emt 0:02:34] [#]} Ba6 $146 ({Predecessor:} 11... Nbd7 12. O-O-O Bb7 13. Kb1 Rd8 14. Be2 c5 15. d5 Ne5 16. Qg5 Nfd7 17. Qh4 Nf8 {1-0 (28) Daakshin,A (2016)-Navya,G (1483) Ahmedabad 2022}) 12. Nf3 Bxf1 13. Kxf1 Nbd7 14. g3 (14. e5 $16 Nd5 15. Nxd5 Qxd5 16. Kg1) 14... Rd8 $14 15. Kg2 Qb4 (15... Ng4 $1 $14) 16. Qc2 (16. e5 $16 Ng4 17. Rh4) 16... e5 $11 17. Rh4 $36 {[%emt 0:12:18][%mdl 2048] White has good play.} (17. Nxe5 Nxe5 18. dxe5 Ng4 $11) 17... Qe7 (17... exd4 18. e5 Nd5 19. Nxd4 $18 (19. Rxd4 Qb6 $18)) 18. Ne2 {[%emt 0:05:27] Hoping for Qc3.} O-O 19. Qxc6 Rc8 (19... exd4 $11 {is superior.} 20. Nexd4 Ne5) 20. Qa4 $14 {[%emt 0:01:10] White is more active.} exd4 {[%emt 0:05:46] Black is now going downhill.} 21. Qxd4 (21. Nfxd4 Rfe8 $11) 21... Rc2 {[%emt 0:03:45] [#]} 22. Nc3 {[%emt 0:02:08][%cal Be2c3,Bc3d1,Bd1e3][%mdl 32] Black must now prevent e5.} Rb8 (22... h5 $16 {was worth a try.}) 23. e5 $18 Rbxb2 24. Nd1 ({Weaker is} 24. exf6 Rxf2+ 25. Qxf2 Rxf2+ 26. Kxf2 Qc5+ 27. Rd4 Nxf6 $16) 24... Nxe5 25. Qxe5 ({Worse is} 25. Nxb2 Nxf3 26. Kxf3 g5 $15) 25... Qxe5 26. Nxe5 Rxa2 27. Ra4 Rxa1 28. Rxa1 Rc7 29. Ne3 Kg7 30. Ra4 h5 31. N3c4 {[%emt 0:01:18] Threatens to win with Nd6.} Nd7 $2 {[%emt 0:00:45] [#]} (31... Ne4 {is a better defense.} 32. Ne3 Nc5) 32. Nd6 $1 {[%emt 0:00:45] Ne8+ is the strong threat.} Nf6 {[%emt 0:03:45] Inhibits Ne8+.} (32... Kf8 33. Ndxf7) 33. Ndxf7 Rxf7 (33... Re7 $142 34. Kf3 g5) 34. Nxf7 Kxf7 35. Rxa7+ {[%emt 0:00:09] KR-KN} Ke6 36. Kf3 {[%emt 0:00:14] White threatens Kf4 and mate.} Ng4 37. Ra4 {[%emt 0:00:53] Threatening mate with Rxg4.} Ne5+ 38. Kf4 {[%emt 0:00:25] White mates.} Nd3+ 39. Kg5 Nxf2 40. Kxg6 {[%emt 0:00:19] Weighted Error Value: White=0.14 (very precise) /Black=0.48} 1-0

[Event "14th BPB Limburg Open 2022"]
[Site "Maastricht"]
[Date "2022.06.06"]
[Round "6.4"]
[White "Zwirs, Nico"]
[Black "Slagboom, Leandro"]
[Result "1-0"]
[ECO "E09"]
[WhiteElo "2468"]
[BlackElo "1997"]
[Annotator "TA"]
[PlyCount "105"]
[EventDate "2022.06.03"]
[EventType "swiss"]
[EventCountry "NED"]
[SourceTitle "playchess.com"]
[Source "ChessBase"]
[SourceQuality "1"]
[TimeControl "7200+15"]

1. c4 e6 2. Nf3 Nf6 3. g3 d5 4. Bg2 Be7 5. O-O O-O 6. d4 c6 7. Nbd2 Nbd7 8. Qc2 b6 9. e4 Ba6 {[%emt 0:00:27] 9...dxc4 gains popularity.} 10. e5 {[%emt 0:04:42] E09: Closed Catalan: Main Line: 7 Qc2 c6 8 Nbd2.} Ne8 11. Re1 Rc8 12. cxd5 {[%emt 0:01:03] White has an edge.} cxd5 13. Qd1 Qc7 14. Nf1 Qc2 15. Qxc2 Rxc2 16. Ne3 {[%emt 0:00:12] [#]} Rc6 $146 ({Predecessor:} 16... Rc8 17. Bd2 Nc7 18. Rec1 Bb7 19. Ne1 f6 20. f4 fxe5 21. fxe5 Nb5 22. N1c2 Bg5 {1-0 (42) Miroshnichenko,E (2628)-Al Modiahki,M (2569) Dubai 2005}) 17. Bd2 Nc7 18. a4 Bd3 (18... Nb8 $14) 19. Rec1 Rxc1+ 20. Rxc1 Rc8 {[%emt 0:07:46] [#]} (20... Na8 $142) 21. Ne1 (21. Nxd5 $1 $16 exd5 22. Bh3) 21... Ba6 $14 22. Bf1 (22. b4 $14) 22... Bxf1 $11 23. Kxf1 Kf8 24. Nd3 Ke8 25. Ke2 Nb8 26. Bb4 Bxb4 (26... Bd8 {looks sharper.} 27. Bd6 Kd7 28. Rc3 a5) 27. Nxb4 Kd7 28. f4 Nca6 29. Rxc8 Kxc8 30. Nxa6 Nxa6 {[%emt 0:00:06][%mdl 4096] Endgame KN-KN} 31. h4 Nc7 32. h5 Ne8 33. f5 Kd7 34. Kf3 (34. g4 $14 {feels stronger.}) 34... g6 $2 (34... exf5 $11 35. Nxd5 g5) 35. g4 (35. fxg6 $18 {and White stays clearly on top.} fxg6 36. h6) 35... gxf5 36. gxf5 Ke7 37. f6+ Kf8 38. Nc2 {[%emt 0:01:26] And now Nb4 would win. White is more active.} Nc7 39. Kf4 ({Better is} 39. Ke3 $16) 39... Kg8 $2 {[%emt 0:01:08][%mdl 8192] [#]} (39... Na6 $14) 40. Nb4 $1 $18 a5 {[%emt 0:00:49] [#]} 41. Nc6 Kh8 42. b3 Kg8 43. Ne7+ Kh8 44. Ke3 {[%emt 0:02:06][%cal Ob3b4] aiming for b4!} h6 45. Kd3 (45. b4 $142 Kh7 46. Kd2 axb4 47. Kc2) 45... Kh7 46. Kc3 (46. b4 $142 {Kc3 would kill now.} Na6 47. Nc6 axb4 48. Ne7) 46... Kh8 47. b4 {[%emt 0:00:39] White mates.} Na6 48. bxa5 bxa5 49. Nc6 Kg8 50. Nxa5 Kf8 51. Nb7 Ke8 52. Nd6+ Kf8 53. Kb3 {[%emt 0:00:05] Weighted Error Value: White=0.28 (precise) /Black=0.38} 1-0

[Event "14th BPB Limburg Open 2022"]
[Site "Maastricht"]
[Date "2022.06.06"]
[Round "6.5"]
[White "Fischer, Daniel"]
[Black "Gurevich, Mikhail"]
[Result "1/2-1/2"]
[ECO "C13"]
[WhiteElo "2367"]
[BlackElo "2573"]
[Annotator "TA"]
[PlyCount "71"]
[EventDate "2022.06.03"]
[EventType "swiss"]
[EventCountry "NED"]
[SourceTitle "playchess.com"]
[Source "ChessBase"]
[SourceQuality "1"]
[TimeControl "7200+15"]

1. e4 e6 2. d4 d5 3. Nc3 Nf6 4. Bg5 dxe4 5. Nxe4 Be7 6. Nxf6+ Bxf6 7. Bxf6 Qxf6 8. Nf3 c5 9. Bb5+ $1 {[%emt 0:00:00][%mdl 4] outshines the older 9.c3. C13: French: Classical System: 4 Bg5 Be7, Alekhine-Chatard Attack.} Bd7 10. Qe2 O-O 11. O-O-O a6 12. Bxd7 Nxd7 13. d5 exd5 14. Rxd5 Rfe8 {[%emt 0:00:00] [#]} (14... Qc6 $5 15. Rhd1 Rfe8 $11) 15. Qd2 $146 ({Predecessor:} 15. Qd3 Nb6 16. Rd6 Re6 17. Rxe6 Qxe6 18. Ng5 Qg6 19. Qxg6 hxg6 20. Rd1 Nc4 21. b3 {1-0 (33) Naiditsch,A (2657)-Skoberne,J (2572) Bled 2016}) 15... Nb6 16. Rd6 Re6 (16... Nc4 $5 17. Rxf6 Nxd2 $11) 17. Rxe6 Qxe6 {[%emt 0:00:00] [#]} 18. Rd1 $1 {[%emt 0:00:00][%cal Od2d8] Hoping for Qd8+!} h6 19. Qd6 Re8 20. Qc7 ({White should play} 20. Qxc5 $16 {Threatens to win with Re1.} Na4 21. Qd5) 20... Qg6 $11 21. g3 ({But not} 21. Qxc5 $2 Rc8 22. Nh4 Qe4 $19) 21... Qf6 22. Qxb7 Re2 (22... Nc4 $11) 23. Rd2 (23. Qxa6 $16 c4 24. Nd4 Rxf2 25. Qb5) 23... Re7 (23... Re8 $11) 24. Qb8+ $16 Kh7 25. Qd8 {[%emt 0:00:00] White is more active.} Na4 26. Qd3+ g6 27. c3 c4 28. Qxc4 (28. Qd6 $16 Re6 29. Qf4) 28... Nxb2 $1 $11 {[%emt 0:00:00] The position is equal.} 29. Kxb2 Qxf3 $16 {[%emt 0:00:00][%mdl 4096] Endgame KQR-KQR} 30. Kc2 Qf5+ 31. Qd3 {[%emt 0:00:00] [#] aiming for Qxf5.} Qa5 32. Qd5 Qa4+ 33. Kb2 Qe8 34. Kc2 Qa4+ 35. Kb2 Qe8 36. Kc2 {[%emt 0:00:00] Weighted Error Value: White=0.21 (precise) /Black=0.22 (precise)} 1/2-1/2

[Event "14th BPB Limburg Open 2022"]
[Site "Maastricht"]
[Date "2022.06.06"]
[Round "6.6"]
[White "Braun, Christian"]
[Black "Pham, Khoi"]
[Result "1-0"]
[ECO "B86"]
[WhiteElo "2426"]
[BlackElo "2291"]
[Annotator "TA"]
[PlyCount "93"]
[EventDate "2022.06.03"]
[EventType "swiss"]
[EventCountry "NED"]
[SourceTitle "playchess.com"]
[Source "ChessBase"]
[SourceQuality "1"]
[TimeControl "7200+15"]

1. e4 c5 2. Nf3 d6 3. d4 cxd4 4. Nxd4 Nf6 5. Nc3 a6 6. Bc4 e6 7. Bb3 Be7 8. g4 Nc6 9. g5 Nxd4 {[%emt 0:03:36] B86: Sicilian Scheveningen/Najdorf: 6 Bc4, without early ...b5.} (9... Nd7 10. h4 $11) 10. Qxd4 e5 11. Qc4 {[%emt 0:13:54] White is more active.} Be6 {[%emt 0:00:48] White is slightly better.} 12. Qe2 (12. Qb4 Nd7 $11) 12... Nd7 13. Bxe6 fxe6 14. Qh5+ g6 15. Qg4 Nf8 {[%emt 0:13:06] [#]} 16. f4 $146 ({Better is} 16. Be3 $16) ({Predecessor:} 16. Bd2 Qd7 17. O-O-O O-O-O 18. Be3 Kb8 19. Rd3 Qc6 20. Rhd1 Rg8 21. Kb1 Rd7 22. R1d2 {0-1 (50) Rostolis,R (1993)-Toniolo,S (1667) Salzano 2017}) 16... h6 17. fxe5 hxg5 (17... Bxg5 $11 {remains equal.} 18. Bxg5 Qxg5 19. Qxg5 hxg5) 18. Bd2 $16 dxe5 19. O-O-O Rh4 20. Qf3 Qc7 21. Be3 Nd7 22. Qg3 Rf4 23. Bxf4 ({White should play} 23. h4 $16) 23... exf4 $14 24. Qg4 (24. Qh3 $5 Qe5 25. Rhf1 $14 (25. Qh7 Nf8 $11)) 24... Qc6 25. Qh3 O-O-O 26. Qh7 Bf6 27. Rd3 {[%emt 0:02:26] [#] Threatens to win with Rhd1.} Rf8 (27... Ne5 28. Rxd8+ Bxd8 29. Qh8 $16) 28. Rhd1 $36 {[%emt 0:02:02][%mdl 2048] White is more active.} (28. Qxg6 $2 Ne5 29. Qh6 Nxd3+ 30. cxd3 Qc5 $19) 28... Ne5 (28... Nc5 $5 29. Rd6 Qc7 30. Qxc7+ (30. Qxg6 f3 $17) 30... Kxc7 $11) 29. Rd6 Qe8 {[%emt 0:01:41] Hoping for ...Rh8.} 30. Qh3 ({But not} 30. Rb6 Rf7 31. Qh3 g4 $17) 30... g4 $1 31. Qf1 Rf7 $2 {[%emt 0:07:35][%mdl 8192] White now steadily converts the win.} (31... f3 $11 {and Black stays safe.}) 32. Qxf4 $18 Nc4 (32... Kb8 $142 33. Kb1 g5) 33. e5 Nxd6 34. exf6 Nf5 35. Ne4 Rd7 36. Nd6+ Nxd6 37. Rxd6 Rxd6 38. Qxd6 {[%emt 0:00:05][%mdl 4096] Endgame KQ-KQ} Qf7 {[%emt 0:00:20] [#]} 39. Qd4 ({White has to play} 39. Qe5 $1 $18) 39... Kc7 (39... e5 $16 {was called for.} 40. Qxe5 (40. Qxg4+ Kc7 $14) 40... Kd7) 40. a4 Kc8 41. a5 Kc7 $2 (41... e5 42. Qxe5 Kd7) 42. Kd2 {[%emt 0:00:00] And now Kd3 would win.} Qd7 43. Qxd7+ Kxd7 44. Ke3 e5 45. Ke4 Ke6 46. f7 Kxf7 47. Kxe5 {[%emt 0:00:00] Weighted Error Value: White=0.16 (very precise) /Black=0.57} 1-0